 Dungeon Crawl Stone Soup version 0.30-b1-2-g02819fbbbe (webtiles) character file.

Game seed: 3174450546640779226

338 raph the Shooter (level 6, -3/36 HPs)
             Began as a Kobold Hexslinger on Aug 24, 2023.
             Slain by a gnoll
             ... wielding a +0 halberd
              (9 damage)
             ... on level 4 of the Dungeon.
             The game lasted 00:06:49 (3952 turns).

raph the Shooter (Kobold Hexslinger)                Turns: 3952, Time: 00:06:49

Health: -3/36      AC: 10    Str:  8    XL:     6   Next: 86%
Magic:  0/9        EV: 15    Int: 14    God:
Gold:   158        SH:  0    Dex: 17    Spells: 3/10 levels left

rFire   . . .        a - +1 sling
rCold   . . .        (no shield)
rNeg    + . .        h - +5 Cigotuvi's embrace {Corpsefed rMiasma Drain rN+}
rPois   .            (no helmet)
rElec   .            g - scarf {+Inv}
rCorr   .            j - +1 pair of gloves
SInv    .            (no boots)
Will    .....        (no amulet)
Stlth   ++           (no ring)
HPRegen 0.26/turn    (no ring)
MPRegen 0.11/turn

%: no passive effects
@: very slightly contaminated, slowed, very slow
A: small, no large weapons, nightstalker 3
a: Evoke Invisibility


You were on level 4 of the Dungeon.
You visited 1 branch of the dungeon, and saw 4 of its levels.

You collected 158 gold pieces.

Inventory:

Hand Weapons
 a - a +1 sling (weapon)
 b - a +2 dagger of venom
 k - a +0 dagger
Armour
 c - a +0 robe
 g - a scarf of invisibility (worn)
 h - the +5 Cigotuvi's embrace (worn) {Corpsefed rMiasma Drain rN+}
   (You found it on level 2 of the Dungeon)

   Corpsefed: It gathers nearby corpses to temporarily increase the armour it
   provides.
   rMiasma:   It protects you from foul pestilence.
   rN:        It protects you from negative energy.
   Drain:     It drains your maximum health when unequipped.
 j - a +1 pair of gloves (worn)
Wands
 m - a wand of flame (9)
Scrolls
 e - 2 scrolls of poison
 f - a scroll of identify
Potions
 d - 2 potions of curing
 i - a potion of resistance {unknown}
 l - a potion of attraction
 n - a potion of ambrosia {unknown}


   Skills:
 + Level 2.5 Fighting
 * Level 5.3 Ranged Weapons
 + Level 3.5 Dodging
 + Level 2.5 Spellcasting
 * Level 4.6 Hexes


You had 3 spell levels left.
You knew the following spells:

 Your Spells              Type           Power      Damage    Failure   Level
a - Slow                  Hex            56%        N/A       4%          1
b - Inner Flame           Hex/Fire       8%         N/A       36%         3
c - Portal Projectile     Hex/Tloc       16%        N/A       36%         3

Your spell library contained the following spells:

 Spells                   Type           Power      Damage    Failure   Level
 Cause Fear               Hex            7%         N/A       43%         4
 Summon Ice Beast         Ice/Summ       1%         N/A       97%         4
 Summon Mana Viper        Hex/Summ       8%         N/A       98%         5
 Monstrous Menagerie      Summ           0%         N/A       100%        7


Dungeon Overview and Level Annotations

Branches:
Dungeon (4/15)
 Temple: D:4-7

Altars:
Hepliaklqana

Shops:
D:3 (   D:4 (


Innate Abilities, Weirdness & Mutations

You are small and have problems with some larger weapons.
You are completely attuned to the shadows.


Message History

You shoot a sling bullet.
The sling bullet barely misses the gnoll.
The gnoll closely misses you.
You shoot a sling bullet. The sling bullet hits the gnoll!
The gnoll is almost dead.
A chunk of your corpse armour falls away.
A gnoll comes into view. It is wielding a +0 halberd.
The gnoll closely misses you.
You shoot a sling bullet.
The sling bullet barely misses the gnoll.
You hear a shout!
A gnoll comes into view. It is wielding a +0 halberd.
Casting: Slow (safe; 4% risk of failure)
Confirm with . or Enter, or press ? or * to list all spells.
You begin teleporting projectiles to their destination.
The gnoll is no longer moving slowly.
The gnoll hits you but does no damage.
Casting: Portal Projectile (quite dangerous; 36% risk of failure)
Confirm with . or Enter, or press ? or * to list all spells.
Aiming: Inner Flame (quite dangerous; 36% risk of failure)
Press: ? - help, Dir - move target, f/p - gnoll
Aim: a gnoll, wielding a +0 halberd (almost dead, chance to affect: 64%)
You miscast Inner Flame.
You are very lightly contaminated with residual magic.
You are blasted with fire!
The gnoll hits you from afar with a +0 halberd!
A gnoll comes into view. It is wielding a +0 whip.
The gnoll hits you from afar with a +0 halberd.
Casting: Inner Flame (quite dangerous; 36% risk of failure)
Confirm with . or Enter, or press ? or * to list all spells.
Aiming: Inner Flame (quite dangerous; 36% risk of failure)
Press: ? - help, Dir - move target, f/p - gnoll
Aim: a gnoll, wielding a +0 halberd (almost dead, chance to affect: 64%)
You miscast Inner Flame.
You hear an indistinct dissonance whispering inside your mind.
You feel yourself slow down.
You are no longer teleporting projectiles to their destination.
The gnoll hits you from afar with a +0 halberd!
* * * LOW HITPOINT WARNING * * *
The gnoll hits you from afar with a +0 halberd!
You die...

.......# ##......#
.......######.........
......................
.....................
...................##
................gg##
.......#####..gg##
###..# ##@# #.# #.#
#.# #..


You could see 4 gnolls.

Vanquished Creatures
  A hound (D:3)
  2 orc priests (D:4)
  Natasha (thrice) (D:2)
  Robin (D:3)
  5 adders
  3 dart slugs
  7 orcs
  6 ball pythons
  4 bats
  7 endoplasms
  4 giant cockroaches
  15 goblins
  15 hobgoblins
  9 jackals
  A quokka (D:2)
  4 frilled lizards
  9 kobolds
  6 rats
102 creatures vanquished.

Notes
Turn   | Place    | Note
-------+----------+-------------------------------------------
     0 | D:1      | raph the Kobold Hexslinger began the quest for the Orb.
     0 | D:1      | Reached XP level 1. HP: 12/12 MP: 2/2
   197 | D:1      | Reached skill level 3 in Ranged Weapons
   197 | D:1      | Reached XP level 2. HP: 16/16 MP: 3/3
   454 | D:1      | Reached XP level 3. HP: 20/20 MP: 5/5
   576 | D:1      | Learned a level 3 spell: Inner Flame
  1277 | D:2      | HP: 1/20 [poisoned by an adder]
  1505 | D:2      | Reached XP level 4. HP: 18/26 MP: 6/6
  1552 | D:2      | Noticed Natasha
  1558 | D:2      | Killed Natasha
  1559 | D:2      | Reached skill level 4 in Ranged Weapons
  1706 | D:2      | Reached XP level 5. HP: 26/30 MP: 7/7
  1830 | D:2      | Found a faded altar of an unknown god.
  1922 | D:2      | Found the +4 Cigotuvi's embrace {Corpsefed rMiasma Drain
                  | rN+}
  1972 | D:2      | Noticed Natasha
  1989 | D:2      | Killed Natasha
  2002 | D:2      | Noticed Natasha
  2025 | D:2      | Killed Natasha
  2189 | D:2      | Learned a level 3 spell: Portal Projectile
  2238 | D:3      | Noticed Robin
  2262 | D:3      | Killed Robin
  2267 | D:3      | Reached XP level 6. HP: 32/35 MP: 9/9
  2429 | D:3      | Found Irued's Antique Weapon Emporium.
  2875 | D:3      | Found a hazy altar of Hepliaklqana.
  3230 | D:4      | Found Nuxykora's Antique Weapon Boutique.
  3281 | D:3      | Reached skill level 5 in Ranged Weapons
  3496 | D:4      | HP: 1/36 [orc priest/divine providence (10)]
  3952 | D:4      | Slain by a gnoll

Illustrated notes

Levels and vault maps discovered:
D:1:      minmay_arrival_loop, layout_basic
D:2:      minmay_diamond_boxcup, layout_rooms, chequers_ecumenical_altar_grove,
          uniq_natasha
D:3:      layout_basic, mainiacjoe_overflow_surrounded_room, serial_shops,
          nicolae_shop_getting_attention, uniq_robin
D:4:      layout_layer_cave, serial_shops, nicolae_stop_n_shop_2,
          minmay_misc_feat_columns

Skill      XL: |  1  2  3  4  5  6 |
---------------+-------------------+-----
Ranged Weapons | 3 4 5 |  5.3
Dodging        | 3 |  3.5
Fighting       | 2 |  2.5
Spellcasting   | 2 |  2.5
Hexes          | 4 |  4.6

Action                     |  1- 3 |  4- 6 || total
---------------------------+-------+-------++-------
  Melee: Dagger            |     2 |    82 ||    84
         Punch             |       |     1 ||     1
   Fire: Sling             |    97 |   235 ||   332
   Cast: Slow              |    11 |     6 ||    17
         Inner Flame       |       |     3 ||     3
         Portal Projectile |       |     1 ||     1
    Use: Scroll            |       |    10 ||    10
         Potion            |       |     1 ||     1
 Armour: Robe              |    10 |     2 ||    12
         Leather armour    |       |   135 ||   135
  Dodge: Dodged            |    39 |   251 ||   290
